 Dungeon Crawl Stone Soup version 0.21.1-1-g345015f (webtiles) character file.

778 wilfster70 the Poker (level 7, -2/47 HPs)
             Began as an Octopode Fighter on Feb 27, 2018.
             Was a Follower of Okawaru.
             Slain by an ice beast (14 damage)
             ... on level 5 of the Dungeon.
             The game lasted 00:16:17 (4290 turns).

wilfster70 the Poker (Octopode Fighter)             Turns: 4290, Time: 00:16:18

Health: -2/47      AC:  1    Str: 15    XL:     7   Next: 85%
Magic:  20/20      EV: 12    Int: 12    God:    Okawaru [*.....]
Gold:   209        SH: 11    Dex: 12    Spells: 6/11 levels left

rFire    . . .     SeeInvis .   a - +2 trident
rCold    . . .     Gourm    .   b - +2 shield
rNeg     . . .     Faith    .   (helmet restricted)
rPois    +         Spirit   .   (no amulet)
rElec    .         Reflect  .   q - ring of magical power
rCorr    .         Harm     .   p - ring of poison resistance
MR       .....                  (no ring)
Stlth    ++........             (no ring)
HPRegen  0.15/turn              (no ring)
MPRegen  0.17/turn              (no ring)
                                (no ring)
                                (no ring)

@: no status effects
A: almost no armour, stealthy swim, amphibious, 8 rings, constrict 8, camouflage
1, gelatinous body 1
a: Heroism, Renounce Religion


You were on level 5 of the Dungeon.
You worshipped Okawaru.
Okawaru was aware of your devotion.
You were hungry.

You visited 1 branch of the dungeon, and saw 5 of its levels.

You collected 209 gold pieces.

Inventory:

Hand Weapons
 a - a +2 trident (weapon)
Missiles
 l - 35 stones
 v - a tomahawk (quivered)
Armour
 b - a +2 shield (worn)
Jewellery
 p - a ring of poison resistance (right tentacle)
 q - a ring of magical power (left tentacle)
Wands
 m - a wand of polymorph (15)
Scrolls
 f - a scroll of identify
 g - 2 scrolls of remove curse
 i - a scroll of fear
 j - 3 scrolls of enchant weapon
 n - 2 scrolls of teleportation
Potions
 c - a potion of might
 e - 3 potions of flight {unknown}
 h - a potion of degeneration {unknown}
 k - 3 potions of curing
 o - 3 potions of lignification {unknown}
 s - a potion of mutation {unknown}
 u - 2 potions of agility {unknown}
Books
 r - a book of Air

   Spells                             Type                      Level
   a - Shock                          Conjuration/Air              1
   b - Swiftness                      Charms/Air                   2
   c - Static Discharge               Conjuration/Air              3
   d - Airstrike                      Air                          4
   e - Lightning Bolt                 Conjuration/Air              5
 t - a book of Misfortune

   Spells                             Type                      Level
   a - Confusing Touch                Hexes                        1
   b - Confuse                        Hexes                        3
   c - Gell's Gravitas                Translocation                3
   d - Petrify                        Transmutation/Earth          4
   e - Metabolic Englaciation         Hexes/Ice                    5
   f - Yara's Violent Unravelling     Hexes/Transmutation          5
Comestibles
 d - 12 rations


   Skills:
 - Level 3.9 Fighting
 + Level 5.4 Polearms
 - Level 4.0 Dodging
 - Level 4.0 Shields
 + Level 2.7 Spellcasting
 + Level 3.0 Hexes


You had 6 spell levels left.
You knew the following spells:

 Your Spells              Type           Power        Failure   Level  Hunger
a - Confuse               Hex            #.......     65%         3    ###....
b - Swiftness             Chrm/Air       #.......     83%         2    ###....


Dungeon Overview and Level Annotations

Branches:
Dungeon (5/15)
 Temple: D:4-7

Altars:
Elyvilon
Okawaru
Qazlal


Innate Abilities, Weirdness & Mutations

You cannot wear most types of armour.
You are very stealthy in the water. (Stealth+)
You are amphibious.
You can wear up to eight rings at the same time.
You can use your tentacles to constrict eight enemies at once.
Your skin changes colour to match your surroundings (Stealth+).
Your rubbery body absorbs attacks. (AC +1, EV +1)


Message History

The ice beast freezes you!
You hit the ice beast.
The ice beast is heavily wounded.
You block the rat's attack. The ice beast hits you. The ice beast freezes you.
A rat comes into view.
You hit the ice beast.
The ice beast is severely wounded.
The rat bites you.
The rat moves out of view.
You block the ice beast's attack.
You hit the ice beast. You squeeze the ice beast.
The ice beast is severely wounded.
The rat barely misses you.
The ice beast hits you but does no damage.
You closely miss the ice beast. Your squeeze misses the ice beast.
The ice beast is severely wounded.
You block the rat's attack.
The river rat twitches its whiskers.
The ice beast hits you.
* * * LOW HITPOINT WARNING * * *
The ice beast freezes you!
You die...

#. .. .# .# .# #
##.##.. ##.....#
###########....#
#@rrrrr......###
#Y####r#####.# #.#
..rr #.# #.#
r.rrrr##.#
#.#rrrrrrr##.#
#.#########..# #.#
###.###### #.#
##........#
#.######..######.#


You could see an ice beast, 4 river rats and 2 rats.

Vanquished Creatures
  Sigmund (D:4)
  Edmund (D:4)
  A centaur (D:5)
  A bullfrog (D:3)
  A crimson imp (D:5)
  An orc priest (D:5)
  2 orc wizards
  3 worker ants
  4 adders
  A shadow imp (D:5)
  2 adder skeletons (D:4)
  4 worms
  4 dart slugs
  2 leopard geckos
  12 orcs
  6 bats
  6 giant cockroaches
  7 goblins
  7 hobgoblins
  6 jackals (D:5)
  3 kobolds
  A ball python skeleton (D:4)
  4 frilled lizards
  A jackal zombie (D:5)
  5 rats
86 creatures vanquished.

Notes
Turn   | Place    | Note
-------+----------+-------------------------------------------
     0 | D:1      | wilfster70 the Octopode Fighter began the quest for the Orb.
     0 | D:1      | Reached XP level 1. HP: 16/16 MP: 1/1
   280 | D:1      | Reached XP level 2. HP: 19/21 MP: 2/2
  1053 | D:2      | Reached XP level 3. HP: 26/26 MP: 3/3
  1455 | D:2      | Reached skill level 3 in Polearms
  1593 | D:2      | Reached XP level 4. HP: 31/31 MP: 4/4
  2166 | D:3      | Reached XP level 5. HP: 30/36 MP: 5/5
  2327 | D:3      | Found a stormy altar of Qazlal.
  2343 | D:3      | Reached skill level 4 in Polearms
  2497 | D:3      | Found an iron altar of Okawaru.
  2503 | D:3      | Became a worshipper of Warmaster Okawaru
  2593 | D:3      | Reached XP level 6. HP: 43/43 MP: 6/6
  2807 | D:4      | Learned a level 3 spell: Confuse
  3079 | D:4      | Noticed Sigmund
  3085 | D:4      | Killed Sigmund
  3085 | D:4      | Reached skill level 1 in Spellcasting
  3085 | D:4      | Reached skill level 1 in Hexes
  3186 | D:4      | Noticed Edmund
  3206 | D:4      | Killed Edmund
  3206 | D:4      | Reached * piety under Okawaru
  3206 | D:4      | Reached skill level 5 in Polearms
  3206 | D:4      | Reached XP level 7. HP: 17/47 MP: 10/10
  3444 | D:5      | Entered Level 5 of the Dungeon
  3675 | D:5      | Learned a level 2 spell: Swiftness
  4002 | D:5      | Found a white marble altar of Elyvilon.
  4290 | D:5      | Slain by an ice beast

Skill      XL: |  1  2  3  4  5  6  7 |
---------------+----------------------+-----
Polearms       | 3 4 5 |  5.4
Dodging        | 4 |  4.0
Shields        | 4 |  4.0
Spellcasting   | 2 |  2.7
Hexes          | 2 3 |  3.0
Fighting       | |  3.9

Action                   |  1- 3 |  4- 6 |  7- 9 || total
-------------------------+-------+-------+-------++-------
Melee: Trident           |    47 |    96 |    59 ||   202
       Constrict         |    14 |    23 |     8 ||    45
       Tentacles         |     6 |    21 |    14 ||    41
Throw: Tomahawk          |       |       |     2 ||     2
  Use: Scroll            |       |    12 |       ||    12
 Stab: Sleeping          |     6 |     5 |     3 ||    14
  Eat: Chunk             |     1 |     6 |     3 ||    10
Armor: Skin              |     2 |     5 |     5 ||    12
Dodge: Dodged            |    13 |    39 |    24 ||    76
Block: Shield            |     7 |    47 |    23 ||    77
